Map: [ESL] Royal Blood

Players

Kelazhur - Winner!

  • Race: Terran Terran
  • Spawn Location: 1:00

Nina

  • Race: Protoss Protoss
  • Spawn Location: 7:00

Event: ESL SC2 Masters 2023 Summer (Regionals)

VOD

Have the link to the VOD?

Description

Time

  • Played on: May 3, 2023, 3:09 p.m.
  • Length: 9:04
Show
View Real Time Build Order
Export as new Build Order

Kelazhur Terran - Winner!

Build Orders: Liberator Opening 

Get SALT Encoding   

  12  0:00  SCV  
  13  0:12  SCV  
  14  0:17  Supply Depot  
  14  0:24  SCV  
  15  0:38  SCV  
  15  0:39  Barracks  
  15  0:42  Refinery  
  16  0:50  SCV  
  16  0:52  Refinery  
  17  1:02  SCV  
  18  1:15  SCV  
  19  1:26  Reaper  
  19  1:27  Orbital Command  
  19  1:28  Supply Depot  
  20  1:40  Factory  
  20  1:52  SCV  
  21  1:58  Barracks Reactor  
  21  2:04  SCV  
  22  2:15  Command Center  
  22  2:17  SCV  
  24  2:30  SCV, Starport  
  24  2:39  Widow Mine  
  24  2:40  Supply Depot  
  24  2:42  SCV, Marine  
  28  2:44  Marine  
  29  2:54  SCV  
  30  3:00  Marine  
  30  3:02  Widow Mine, Marine  
  34  3:06  SCV  
  34  3:07  Medivac  
  37  3:18  SCV, Marine  
  39  3:23  Factory Tech Lab  
  39  3:27  Marine  
  39  3:29  Orbital Command  
  40  3:35  SCV  
  40  3:36  Marine  
  42  3:43  Siege Tank  
  42  3:46  Marine  
  42  3:47  SCV  
  47  3:56  SCV, Marine  
  47  3:57  Supply Depot  
  47  3:58  Liberator  
  47  3:59  SCV  
  53  4:04  Marine  
  54  4:12  Supply Depot  
  54  4:18  Marine, SCV x2  
  54  4:22  Marine  
  54  4:23  Siege Tank  
  61  4:30  SCV  
  62  4:33  SCV  
  62  4:36  Marine  
  64  4:40  Marine  
  64  4:42  SCV  
  66  4:46  SCV  
  66  4:52  Barracks, Starport Tech Lab  
  67  4:54  Marine, Refinery, Supply Depot, SCV  
  67  4:55  Barracks  
  67  4:58  SCV  
  70  5:15  Marine, SCV x2  
  70  5:16  Siege Tank  
  70  5:18  Engineering Bay, Supply Depot  
  70  5:20  Refinery  
  69  5:27  SCV x2  
  66  5:29  Marine  
  66  5:32  Marine  
  64  5:39  SCV x2  
  64  5:41  Bunker  
  62  5:46  Barracks  
  62  5:47  Terran Infantry Weapons Level 1, Stimpack, Starport Reactor  
  62  5:48  Barracks, Marauder  
  64  5:51  SCV  
  64  5:56  Marauder, Marine x2  
  69  6:01  Combat Shield  
  69  6:05  SCV  
  69  6:09  SCV  
  71  6:13  Supply Depot  
  71  6:15  Marauder  
  71  6:16  Marine x2  
  71  6:17  SCV, Factory Reactor  
  76  6:20  Marauder  
  76  6:21  SCV  
  76  6:22  Supply Depot  
  79  6:28  Supply Depot  
  74  6:36  Marauder  
  72  6:40  SCV  
  72  6:44  Marauder, Medivac x2, Barracks Reactor, Barracks Tech Lab  
  72  6:45  Supply Depot  
  79  6:49  Marine x2, SCV  
  82  7:00  Widow Mine x2  
  82  7:01  Marauder  
  85  7:03  Marauder, Concussive Shells  
  87  7:09  Marine x2  
  87  7:10  Marauder  
  91  7:19  Command Center  
  91  7:22  Marine x2, Marauder  
  95  7:27  SCV  
  96  7:31  Medivac x2  
  96  7:32  Widow Mine x2  
  96  7:35  Marauder, Supply Depot  
  106  7:47  Marine x2  
  106  7:48  Marauder  
  106  7:50  Marine  
  106  7:51  Marine, Marauder  
  112  8:00  Marauder  
  112  8:02  Widow Mine x2  
  112  8:05  Marine x2  
  119  8:08  Marine  
  119  8:11  Marauder  
  123  8:16  Marauder  
  123  8:17  Marine  
  124  8:21  Marauder  
  124  8:23  Marine  
  124  8:24  Marine  
  124  8:26  Marine  
  125  8:30  Medivac x2  
  125  8:32  Marauder  
  129  8:37  Marine  
  129  8:38  Marauder  
  129  8:40  Widow Mine x2  
  129  8:41  Marine, SCV x2  
  137  8:42  Marine  
Show
View Real Time Build Order
Export as new Build Order

Nina Protoss 

Build Orders: 1 Gate Expand, Phoenix Opening, Blink Stalkers 

Get SALT Encoding   

  12  0:00  Probe  
  13  0:12  Probe  
  14  0:18  Pylon  
  14  0:24  Probe (Chrono Boost)  
  15  0:37  Probe (Chrono Boost), Gateway  
  16  0:44  Assimilator  
  16  0:46  Probe (Chrono Boost)  
  17  0:54  Probe  
  18  1:06  Probe  
  19  1:20  Probe  
  19  1:25  Cybernetics Core  
  20  1:36  Nexus  
  20  1:43  Pylon  
  20  1:46  Probe (Chrono Boost)  
  21  1:53  Assimilator  
  21  2:00  Probe (Chrono Boost)  
  21  2:02  Stalker (Chrono Boost)  
  21  2:07  Probe (Chrono Boost)  
  24  2:14  Probe  
  25  2:17  Warp Gate  
  25  2:23  Sentry  
  25  2:26  Probe  
  28  2:38  Probe  
  29  2:45  Twilight Council  
  29  2:50  Probe (Chrono Boost)  
  31  2:54  Phoenix  
  31  2:56  Probe (Chrono Boost), Shield Battery  
  31  2:59  Stalker  
  31  3:01  Probe (Chrono Boost)  
  31  3:04  Probe (Chrono Boost)  
  35  3:05  Probe (Chrono Boost)  
  35  3:11  Gateway  
  36  3:15  Probe  
  36  3:18  Probe  
  36  3:19  Blink (Chrono Boost)  
  38  3:27  Probe  
  38  3:30  Probe  
  40  3:36  Pylon  
  40  3:39  Probe  
  41  3:42  Probe  
  41  3:45  Robotics Facility  
  42  3:51  Probe  
  42  3:54  Probe  
  44  4:03  Probe, Assimilator  
  44  4:05  Pylon  
  44  4:09  Probe, Stalker x2  
  50  4:14  Assimilator  
  50  4:15  Probe  
  51  4:17  Pylon  
  51  4:21  Probe  
  51  4:23  Pylon  
  52  4:27  Probe  
  53  4:32  Stalker  
  53  4:33  Probe  
  53  4:34  Stalker  
  57  4:43  Probe  
  57  4:46  Probe  
  57  4:47  Observer (Chrono Boost)  
  57  4:50  Robotics Bay  
  59  4:55  Probe  
  59  4:58  Stalker  
  59  4:59  Stalker  
  64  5:00  Probe  
  60  5:23  Stalker x2  
  60  5:24  Observer  
  60  5:25  Probe  
  59  5:38  Probe  
  59  5:42  Probe  
  61  5:51  Probe (Chrono Boost)  
  61  5:53  Nexus  
  61  5:55  Probe (Chrono Boost)  
  63  6:01  Stalker  
  63  6:02  Probe (Chrono Boost)  
  67  6:05  Probe (Chrono Boost)  
  67  6:07  Probe (Chrono Boost)  
  68  6:11  Probe  
  68  6:13  Observer  
  68  6:14  Colossus (Chrono Boost)  
  75  6:21  Pylon  
  75  6:22  Probe  
  76  6:29  Probe  
  73  6:34  Probe  
  72  6:40  Extended Thermal Lance (Chrono Boost)  
  72  6:41  Probe  
  72  6:43  Charge  
  72  6:46  Probe, Forge  
  74  6:51  Stalker  
  74  6:53  Probe  
  76  6:58  Probe  
  76  7:00  Colossus (Chrono Boost)  
  81  7:01  Observer  
  81  7:04  Sentry  
  81  7:05  Probe  
  81  7:07  Probe (Chrono Boost)  
  85  7:13  Probe (Chrono Boost)  
  85  7:14  Shield Battery  
  86  7:16  Gateway  
  87  7:23  Probe (Chrono Boost)  
  87  7:28  Probe (Chrono Boost)  
  89  7:30  Probe (Chrono Boost), Gateway  
  89  7:31  Probe (Chrono Boost), Pylon  
  89  7:33  Gateway  
  89  7:34  Probe  
  91  7:39  Probe, Sentry  
  91  7:42  Probe  
  95  7:48  Zealot  
  97  7:57  Probe  
  97  7:58  Probe x2  
  99  8:00  Colossus (Chrono Boost)  
  99  8:02  Pylon  
  99  8:03  Pylon  
  106  8:06  Pylon  
  106  8:09  Probe  
  96  8:13  Stalker x3  
  79  8:29  Zealot x2  
  78  8:35  Probe  
  78  8:39  Stalker x3  
  78  8:40  Probe  
  80  8:49  Probe  
  80  8:52  Zealot x2  
Tags
 
Add a new tag
Caveats
  • Supply blocks, unpowered buildings, or Contaminate may cause inaccurate times.
  • Supply counts are checked every 10 seconds.